APP
DETROIT (APP) TIGERS @ CLEVELAND (APP) INDIANS
08/31/2044
 
TOP OF THE 1ST
Detroit (APP) Tigers batting - Pitching for Cleveland (APP) Indians : RHP Jose Esteban
Pitching: RHP Jose Esteban
Batting: LHB Bill Ford 0-0: Swinging Strike
0-1: Fly out, F4 (Popup, 4, EV 71.3 MPH)
Batting: RHB Keith Hoffman 0-0: Called Strike
0-1: Swinging Strike
0-2: Ball
1-2: Strikes out swinging
Batting: LHB Jon Pedlar 0-0: Called Strike
0-1: Called Strike
0-2: Fly out, F4 (Popup, 4M, EV 58.8 MPH)
Top of the 1st over - 0 runs, 0 hits, 0 errors, 0 left on base; Detroit (APP) 0 - Cleveland (APP) 0
BOTTOM OF THE 1ST
Cleveland (APP) Indians batting - Pitching for Detroit (APP) Tigers : RHP Dave Valdez
Pitching: RHP Dave Valdez
Batting: RHB John Clark 0-0: Swinging Strike
0-1: Called Strike
0-2: Strikes out looking
Batting: RHB Carlos Manriquez 0-0: Ball
1-0: Ball
2-0: Ball
3-0: Called Strike
3-1: Called Strike
3-2: Ground out 3-1 (Groundball, 34S, EV 83.8 MPH)
Batting: RHB Juan Gallardo 0-0: Foul Ball, location: 2F
0-1: Ball
1-1: Ball
2-1: Ball
3-1: Base on Balls
Batting: RHB Luis Roman 0-0: Ball
1-0: Ball
2-0: Ball
3-0: Called Strike
3-1: Foul Ball, location: 2F
3-2: Fly out, F8 (Flyball, 8LD, EV 102.5 MPH)
Bottom of the 1st over - 0 runs, 0 hits, 0 errors, 1 left on base; Detroit (APP) 0 - Cleveland (APP) 0
TOP OF THE 2ND
Detroit (APP) Tigers batting - Pitching for Cleveland (APP) Indians : RHP Jose Esteban
Batting: SHB Ross Holland 0-0: Ball
1-0: Foul Ball, location: 2F
1-1: Fly out, F7 (Flyball, 7LD, EV 99.4 MPH)
Batting: LHB Jon Frederick 0-0: Ball
1-0: Foul Ball, location: 2F
1-1: Foul Ball, location: 2F
1-2: Foul Ball, location: 2F
1-2: Foul Ball, location: 2F
1-2: Ground out 6-3 (Groundball, 4MS, EV 81.3 MPH)
Batting: RHB Jon Goldstein 0-0: Ball
1-0: Called Strike
1-1: Ball
2-1: Called Strike
2-2: Foul Ball, location: 2F
2-2: SOLO HOME RUN (Flyball, 7D, EV 95.6 MPH), Distance : 377 ft
Batting: RHB Billy Verdusco 0-0: Ball
1-0: Swinging Strike
1-1: Ball
2-1: Foul Ball, location: 2F
2-2: Ball
3-2: Base on Balls
Batting: RHB Jamie Villagrana 0-0: Ball
1-0: Swinging Strike
1-1: Ball
Passed Ball!
Billy Verdusco to second
2-1: Foul Ball, location: 2F
2-2: SINGLE (Groundball, 6M, EV 86.3 MPH) (infield hit)
Billy Verdusco to third
Batting: RHB Willie Ochoa 0-0: Ball
Wild Pitch!
Billy Verdusco scores
Jamie Villagrana to second
1-0: Called Strike
1-1: Foul Ball, location: 2F
1-2: Strikes out swinging
Top of the 2nd over - 2 runs, 2 hits, 0 errors, 1 left on base; Detroit (APP) 2 - Cleveland (APP) 0
BOTTOM OF THE 2ND
Cleveland (APP) Indians batting - Pitching for Detroit (APP) Tigers : RHP Dave Valdez
Batting: LHB Kenji Yokoyama 0-0: Ball
1-0: Called Strike
1-1: Ground out 4-3 (Groundball, 4S, EV 72.5 MPH)
Batting: RHB Joe Shade 0-0: SINGLE (Flyball, 3D, EV 89.4 MPH)
Batting: LHB Heath Ryland 0-0: Called Strike
0-1: Swinging Strike
0-2: Ground out 4-3 (Groundball, 4S, EV 71.9 MPH)
Joe Shade to second
Batting: RHB Ken Shear 0-0: Called Strike
0-1: Foul Ball, location: 2F
0-2: Foul Ball, location: 2F
0-2: Ball
1-2: Ball
2-2: Ground out 6-3 (Groundball, 6, EV 83.8 MPH)
Bottom of the 2nd over - 0 runs, 1 hit, 0 errors, 1 left on base; Detroit (APP) 2 - Cleveland (APP) 0
TOP OF THE 3RD
Detroit (APP) Tigers batting - Pitching for Cleveland (APP) Indians : RHP Jose Esteban
Batting: LHB Bill Ford 0-0: Called Strike
0-1: Ball
1-1: Ball
2-1: TRIPLE (Flyball, 8RXD, EV 95.0 MPH)
Batting: RHB Keith Hoffman 0-0: Swinging Strike
0-1: Ball
1-1: Swinging Strike
Passed Ball!
Bill Ford scores
1-2: Strikes out swinging
Batting: LHB Jon Pedlar 0-0: Called Strike
0-1: Ball
1-1: Ball
2-1: Foul Ball, location: 2F
2-2: Foul Ball, location: 2F
2-2: Fly out, F6 (Flyball, 6MD, EV 87.5 MPH)
Batting: SHB Ross Holland 0-0: Ground out U3 (Groundball, 3, EV 80.0 MPH)
Top of the 3rd over - 1 run, 1 hit, 0 errors, 0 left on base; Detroit (APP) 3 - Cleveland (APP) 0
BOTTOM OF THE 3RD
Cleveland (APP) Indians batting - Pitching for Detroit (APP) Tigers : RHP Dave Valdez
Batting: SHB Mike Shields 0-0: Called Strike
0-1: Called Strike
0-2: Ball
1-2: Ball
2-2: Fly out, F5 (Popup, 56, EV 74.4 MPH)
Batting: RHB John Clark 0-0: Fly out, F8 (Flyball, 8LXD, EV 88.8 MPH)
Batting: RHB Carlos Manriquez 0-0: Ground out 6-3 (Groundball, 6MS, EV 64.4 MPH)
Bottom of the 3rd over - 0 runs, 0 hits, 0 errors, 0 left on base; Detroit (APP) 3 - Cleveland (APP) 0
TOP OF THE 4TH
Detroit (APP) Tigers batting - Pitching for Cleveland (APP) Indians : RHP Jose Esteban
Batting: LHB Jon Frederick 0-0: Ball
1-0: Ball
2-0: Foul Ball, location: 2F
2-1: Foul Ball, location: 2F
2-2: Foul Ball, location: 2F
2-2: SOLO HOME RUN (Line Drive, 89XD, EV 111.3 MPH), Distance : 437 ft
Batting: RHB Jon Goldstein 0-0: Called Strike
0-1: Ground out 4-3 (Groundball, 4, EV 76.9 MPH)
Batting: RHB Billy Verdusco 0-0: Ball
1-0: Ball
2-0: Ball
3-0: Called Strike
3-1: Swinging Strike
3-2: Foul Ball, location: 2F
3-2: Base on Balls
Batting: RHB Jamie Villagrana 0-0: Called Strike
Billy Verdusco steals 2nd base
0-1: Ball
Passed Ball!
Billy Verdusco to third
1-1: Ball
Passed Ball!
Billy Verdusco scores
2-1: Called Strike
2-2: Ball
3-2: Foul Ball, location: 2F
3-2: Foul Ball, location: 2F
3-2: Foul Ball, location: 2F
3-2: Foul Ball, location: 2F
3-2: Base on Balls
Pitching: RHP Gilbert Paparelli
Batting: RHB Willie Ochoa 0-0: Called Strike
0-1: Ball
Jamie Villagrana steals 2nd, throwing error, E2
Jamie Villagrana to third
1-1: Ball
Passed Ball!
Jamie Villagrana scores
2-1: Ball
3-1: Base on Balls
Batting: LHB Bill Ford 0-0: Ball
Wild Pitch!
Willie Ochoa to second
1-0: Called Strike
1-1: Foul Ball, location: 2F
1-2: Ball
2-2: Foul Ball, location: 2F
2-2: Strikes out swinging
Batting: RHB Keith Hoffman 0-0: Ball
1-0: Ball
Wild Pitch!
Willie Ochoa to third
2-0: Swinging Strike
2-1: Ball
Passed Ball!
Willie Ochoa scores
3-1: Foul Ball, location: 2F
3-2: Base on Balls
Batting: LHB Jon Pedlar 0-0: Ball
Passed Ball!
Keith Hoffman to second
1-0: Ball
2-0: Called Strike
2-1: DOUBLE (Groundball, 3L, EV 100.6 MPH)
Keith Hoffman scores
Pitching: LHP Jordan Jimenez
Batting: SHB Ross Holland 0-0: Ball
Passed Ball!
Jon Pedlar to third
1-0: SINGLE (Groundball, 4M, EV 85.6 MPH) (infield hit)
Jon Pedlar scores
Batting: LHB Jon Frederick 0-0: Called Strike
0-1: Foul Ball, location: 2F
0-2: Ground out U3 (Groundball, 3L, EV 100.0 MPH)
Top of the 4th over - 6 runs, 3 hits, 1 error, 1 left on base; Detroit (APP) 9 - Cleveland (APP) 0
BOTTOM OF THE 4TH
Cleveland (APP) Indians batting - Pitching for Detroit (APP) Tigers : RHP Dave Valdez
Batting: RHB Juan Gallardo 0-0: Ball
1-0: Ball
2-0: Foul Ball, location: 2F
2-1: Called Strike
2-2: Foul Ball, location: 2F
2-2: Foul Ball, location: 2F
2-2: Foul Ball, location: 2F
2-2: Strikes out swinging
Batting: RHB Luis Roman 0-0: Ball
1-0: Ground out 4-3 (Groundball, 4M, EV 88.1 MPH)
Batting: LHB Kenji Yokoyama 0-0: Foul Ball, location: 2F
0-1: Swinging Strike
0-2: Foul Ball, location: 2F
0-2: Strikes out swinging
Bottom of the 4th over - 0 runs, 0 hits, 0 errors, 0 left on base; Detroit (APP) 9 - Cleveland (APP) 0
TOP OF THE 5TH
Detroit (APP) Tigers batting - Pitching for Cleveland (APP) Indians : LHP Jordan Jimenez
Batting: RHB Jon Goldstein 0-0: Called Strike
0-1: Called Strike
0-2: Ball
1-2: Ball
2-2: Strikes out looking
Batting: RHB Billy Verdusco 0-0: Ball
1-0: Ball
2-0: Called Strike
2-1: Foul Ball, location: 2F
2-2: Fly out, F6 (Line Drive, 6, EV 75.6 MPH)
Batting: RHB Jamie Villagrana 0-0: Ball
1-0: Ball
2-0: Ball
3-0: Called Strike
3-1: Foul Ball, location: 2F
3-2: DOUBLE (Line Drive, 78D, EV 103.1 MPH)
Batting: RHB Willie Ochoa 0-0: Ball
1-0: Called Strike
1-1: Ball
Wild Pitch!
Jamie Villagrana to third
2-1: Ball
Passed Ball!
Jamie Villagrana scores
3-1: Foul Ball, location: 2F
3-2: SINGLE (Groundball, 34S, EV 63.1 MPH) (infield hit)
Batting: LHB Bill Ford 0-0: Called Strike
0-1: Ball
1-1: Ball
2-1: Foul Ball, location: 2F
2-2: Ball
3-2: Base on Balls
Willie Ochoa to second
Batting: RHB Keith Hoffman 0-0: Ball
1-0: Ball
2-0: SINGLE (Groundball, 6MD, EV 97.5 MPH)
Willie Ochoa to third
Bill Ford to second
Runner from 3rd tries for Home, throw by CF and OUT! 8-2
Top of the 5th over - 1 run, 3 hits, 0 errors, 2 left on base; Detroit (APP) 10 - Cleveland (APP) 0
BOTTOM OF THE 5TH
Cleveland (APP) Indians batting - Pitching for Detroit (APP) Tigers : RHP Dave Valdez
Batting: RHB Joe Shade 0-0: Ball
1-0: Called Strike
1-1: Called Strike
1-2: Foul Ball, location: 2F
1-2: Foul Ball, location: 2F
1-2: Foul Ball, location: 2F
1-2: Foul Ball, location: 2F
1-2: Foul Ball, location: 2F
1-2: Ball
2-2: Ball
3-2: Base on Balls
Batting: LHB Heath Ryland 0-0: Called Strike
0-1: Swinging Strike
0-2: Ball
1-2: Strikes out swinging
Batting: RHB Ken Shear 0-0: Called Strike
0-1: Called Strike
0-2: Strikes out swinging
Batting: SHB Mike Shields 0-0: Fielders Choice at 2nd, U6 (Groundball, 6M, EV 101.9 MPH)
Bottom of the 5th over - 0 runs, 0 hits, 0 errors, 1 left on base; Detroit (APP) 10 - Cleveland (APP) 0
TOP OF THE 6TH
Detroit (APP) Tigers batting - Pitching for Cleveland (APP) Indians : LHP Jordan Jimenez
Batting: LHB Jon Pedlar 0-0: Ball
1-0: Ball
2-0: Ball
3-0: Base on Balls
Batting: SHB Ross Holland 0-0: Ball
1-0: Ball
2-0: Ball
Passed Ball!
Jon Pedlar to second
3-0: Called Strike
3-1: Swinging Strike
3-2: SINGLE (Flyball, 34D, EV 98.1 MPH)
Jon Pedlar to third
Batting: LHB Jon Frederick 0-0: Called Strike
0-1: Foul Ball, location: 2F
0-2: 3-RUN HOME RUN (Line Drive, 9D, EV 103.1 MPH), Distance : 408 ft
Batting: RHB Jon Goldstein 0-0: Called Strike
0-1: SINGLE (Groundball, 6D, EV 110.0 MPH)
Batting: RHB Billy Verdusco 0-0: Ball
1-0: Ball
2-0: SINGLE (Groundball, 34D, EV 100.6 MPH)
Jon Goldstein to second
Batting: RHB Jamie Villagrana 0-0: Ball
1-0: Ball
2-0: Ball
Passed Ball!
Jon Goldstein to third
Billy Verdusco to second
3-0: Foul Ball, location: 2F
3-1: Swinging Strike
Passed Ball!
Jon Goldstein scores
Billy Verdusco to third
3-2: Foul Ball, location: 2F
3-2: Foul Ball, location: 2F
3-2: Foul Ball, location: 2F
3-2: Base on Balls
Batting: RHB Willie Ochoa 0-0: Ball
1-0: Ball
2-0: DOUBLE (Flyball, 78D, EV 104.4 MPH)
Billy Verdusco scores
Jamie Villagrana to third
Batting: LHB Bill Ford 0-0: Ball
Passed Ball!
Jamie Villagrana scores
Willie Ochoa to third
1-0: Ball
2-0: Called Strike
2-1: Ball
3-1: Base on Balls
Batting: RHB Keith Hoffman 0-0: Ball
Passed Ball!
Willie Ochoa scores
Bill Ford to second
1-0: Called Strike
1-1: Ball
Passed Ball!
Bill Ford to third
2-1: Foul Ball, location: 2F
2-2: Ball
3-2: Base on Balls
Batting: LHB Jon Pedlar 0-0: Ball
Passed Ball!
Bill Ford scores
Keith Hoffman to second
1-0: Ball
Passed Ball!
Keith Hoffman to third
2-0: Ball
3-0: Foul Ball, location: 2F
3-1: Base on Balls
Batting: SHB Ross Holland 0-0: Called Strike
0-1: Ball
Passed Ball!
Keith Hoffman scores
Jon Pedlar to second
1-1: Foul Ball, location: 2F
1-2: Strikes out swinging
Batting: LHB Jon Frederick 0-0: Ball
1-0: Ball
Passed Ball!
Jon Pedlar to third
2-0: Ball
3-0: Base on Balls
Batting: RHB Jon Goldstein 0-0: SINGLE (Groundball, 56, EV 105.0 MPH) (infield hit)
Jon Pedlar scores
Jon Frederick to second
Batting: RHB Billy Verdusco 0-0: Ball
1-0: Ball
2-0: Swinging Strike
2-1: Foul Ball, location: 2F
2-2: Strikes out swinging
Batting: RHB Jamie Villagrana 0-0: Ball
Wild Pitch!
Jon Frederick to third
Jon Goldstein to second
1-0: Ball
2-0: Ball
3-0: Called Strike
3-1: Base on Balls
Batting: RHB Willie Ochoa 0-0: Swinging Strike
0-1: Swinging Strike
0-2: Ball
1-2: Ball
Wild Pitch!
Jon Frederick scores
Jon Goldstein to third
Jamie Villagrana to second
2-2: Ball
3-2: Base on Balls
Batting: LHB Bill Ford 0-0: Called Strike
0-1: Ball
1-1: Called Strike
1-2: Strikes out swinging
Top of the 6th over - 11 runs, 6 hits, 0 errors, 3 left on base; Detroit (APP) 21 - Cleveland (APP) 0
BOTTOM OF THE 6TH
Cleveland (APP) Indians batting - Pitching for Detroit (APP) Tigers : RHP Dave Valdez
Batting: RHB John Clark 0-0: Ball
1-0: Foul Ball, location: 2F
1-1: Hit by Pitch
Batting: RHB Carlos Manriquez 0-0: Ball
John Clark steals 2nd base
1-0: Ball
John Clark steals 3rd base
2-0: Called Strike
2-1: Foul Ball, location: 2F
2-2: Strikes out swinging, 2-3 out at first.
Batting: RHB Juan Gallardo 0-0: Called Strike
0-1: Swinging Strike
0-2: Ball
1-2: Strikes out looking
Batting: RHB Luis Roman 0-0: Called Strike
0-1: Foul Ball, location: 2F
0-2: Ball
1-2: Strikes out swinging
Bottom of the 6th over - 0 runs, 0 hits, 0 errors, 1 left on base; Detroit (APP) 21 - Cleveland (APP) 0
TOP OF THE 7TH
Detroit (APP) Tigers batting - Pitching for Cleveland (APP) Indians : LHP Jordan Jimenez
Batting: RHB Keith Hoffman 0-0: Called Strike
0-1: Ball
1-1: Fly out, F9 (Flyball, 89M, EV 88.1 MPH)
Batting: LHB Jon Pedlar 0-0: Foul Ball, location: 2F
0-1: Foul Ball, location: 2F
0-2: Ball
1-2: Ball
2-2: Foul Ball, location: 2F
2-2: Foul Ball, location: 2F
2-2: Ball
3-2: Base on Balls
Batting: SHB Ross Holland 0-0: DOUBLE (Line Drive, 89XD, EV 96.9 MPH)
Jon Pedlar to third
Batting: LHB Jon Frederick 0-0: Ground out 4-3 (Groundball, 4, EV 100.6 MPH)
Jon Pedlar scores
Ross Holland to third
Batting: RHB Jon Goldstein 0-0: Ball
1-0: Ball
2-0: Ball
Passed Ball!
Ross Holland scores
3-0: Base on Balls
Batting: RHB Billy Verdusco 0-0: Ball
1-0: Called Strike
1-1: Ball
2-1: Ball
3-1: Base on Balls
Jon Goldstein to second
Batting: RHB Jamie Villagrana 0-0: Called Strike
0-1: Foul Ball, location: 2F
0-2: Ball
Passed Ball!
Jon Goldstein to third
Billy Verdusco to second
1-2: Ball
2-2: Strikes out swinging
Top of the 7th over - 2 runs, 1 hit, 0 errors, 2 left on base; Detroit (APP) 23 - Cleveland (APP) 0
BOTTOM OF THE 7TH
Cleveland (APP) Indians batting - Pitching for Detroit (APP) Tigers : RHP Dave Valdez
Batting: LHB Kenji Yokoyama 0-0: Ball
1-0: Called Strike
1-1: SINGLE (Groundball, 6M, EV 95.0 MPH)
Batting: RHB Joe Shade 0-0: Ball
1-0: Called Strike
1-1: Foul Ball, location: 2F
1-2: Ball
2-2: Foul Ball, location: 2F
2-2: Foul Ball, location: 2F
2-2: Foul Ball, location: 2F
2-2: Ball
3-2: Base on Balls
Kenji Yokoyama to second
Pitching: RHP Jerome Stady
Batting: LHB Heath Ryland 0-0: Sac Bunt to 13S - play at first, batter OUT! 1-3
Kenji Yokoyama to third
Joe Shade to second
Batting: RHB Ken Shear 0-0: Ball
1-0: Foul Ball, location: 2F
1-1: Fly out, F8 (Flyball, 8LD, EV 86.9 MPH)
Runner from 3rd tags up, SCORES, throw by CF
Batting: SHB Mike Shields 0-0: Ball
1-0: Swinging Strike
1-1: Ball
2-1: Foul Ball, location: 2F
2-2: Foul Ball, location: 2F
2-2: Ball
3-2: SINGLE (Groundball, 34D, EV 100.6 MPH)
Joe Shade to third
Runner from 3rd tries for Home, SAFE, throw by RF to home
Batting: RHB John Clark 0-0: Ball
1-0: Fly out, F8 (Line Drive, 8RM, EV 95.6 MPH)
Bottom of the 7th over - 2 runs, 2 hits, 0 errors, 1 left on base; Detroit (APP) 23 - Cleveland (APP) 2
TOP OF THE 8TH
Detroit (APP) Tigers batting - Pitching for Cleveland (APP) Indians : LHP Jordan Jimenez
Batting: RHB Willie Ochoa 0-0: Ball
1-0: Ball
2-0: Foul Ball, location: 2F
2-1: Ball
3-1: Base on Balls
Batting: LHB Bill Ford 0-0: Fielders Choice at 2nd, 4-6 (Groundball, 4, EV 76.9 MPH)
Batting: RHB Keith Hoffman 0-0: Ball
Wild Pitch!
Bill Ford to second
1-0: Foul Ball, location: 2F
1-1: Ball
2-1: Foul Ball, location: 2F
2-2: Ball
3-2: Base on Balls
Batting: LHB Jon Pedlar 0-0: Fielders Choice at 2nd, 4-6 (Groundball, 4, EV 107.5 MPH)
Bill Ford to third
Batting: SHB Ross Holland 0-0: Ball
1-0: Ball
2-0: Foul Ball, location: 2F
2-1: Fly out, F8 (Flyball, 8RM, EV 89.4 MPH)
Top of the 8th over - 0 runs, 0 hits, 0 errors, 2 left on base; Detroit (APP) 23 - Cleveland (APP) 2
BOTTOM OF THE 8TH
Cleveland (APP) Indians batting - Pitching for Detroit (APP) Tigers : RHP Jerome Stady
Batting: RHB Carlos Manriquez 0-0: Foul Ball, location: 2F
0-1: Swinging Strike
0-2: Strikes out looking
Batting: RHB Juan Gallardo 0-0: Called Strike
0-1: Swinging Strike
0-2: Hit by Pitch
Batting: RHB Luis Roman 0-0: Ball
1-0: Ball
2-0: Called Strike
2-1: Called Strike
2-2: Foul Ball, location: 2F
2-2: Foul Ball, location: 2F
2-2: Strikes out swinging
Batting: LHB Kenji Yokoyama 0-0: Ball
1-0: Foul Ball, location: 2F
1-1: Called Strike
1-2: Strikes out swinging
Bottom of the 8th over - 0 runs, 0 hits, 0 errors, 1 left on base; Detroit (APP) 23 - Cleveland (APP) 2
TOP OF THE 9TH
Detroit (APP) Tigers batting - Pitching for Cleveland (APP) Indians : LHP Jordan Jimenez
Batting: LHB Jon Frederick 0-0: Foul Ball, location: 2F
0-1: SINGLE (Groundball, 6MD, EV 110.6 MPH)
Batting: RHB Jon Goldstein 0-0: Ball
1-0: Fielders Choice at 2nd, 2-6 (Groundball, 13S, EV 70.0 MPH)
Batting: RHB Billy Verdusco 0-0: Called Strike
0-1: Ball
1-1: SINGLE (Line Drive, 9S, EV 90.0 MPH)
Jon Goldstein to second
Batting: RHB Jamie Villagrana 0-0: Ball
1-0: Fielders Choice at 2nd, 3-6 (Groundball, 34, EV 103.1 MPH)
Jon Goldstein to third
Batting: RHB Willie Ochoa 0-0: Ball
Passed Ball!
Jon Goldstein scores
Jamie Villagrana to second
1-0: Ball
2-0: Ball
3-0: Base on Balls
Batting: LHB Bill Ford 0-0: Called Strike
0-1: Ball
Passed Ball!
Jamie Villagrana to third
Willie Ochoa to second
1-1: SINGLE (Flyball, 9LS, EV 93.8 MPH)
Jamie Villagrana scores
Willie Ochoa to third
Batting: RHB Keith Hoffman 0-0: Fielders Choice at 2nd, 5-4 (Groundball, 5, EV 83.1 MPH)
Top of the 9th over - 2 runs, 3 hits, 0 errors, 2 left on base; Detroit (APP) 25 - Cleveland (APP) 2
BOTTOM OF THE 9TH
Cleveland (APP) Indians batting - Pitching for Detroit (APP) Tigers : RHP Jerome Stady
Batting: RHB Joe Shade 0-0: Ball
1-0: Ground out 3-1 (Groundball, 34, EV 83.1 MPH)
Batting: LHB Heath Ryland 0-0: Ground out 4-3 (Groundball, 4, EV 110.6 MPH)
Batting: RHB Ken Shear 0-0: Ground out 6-3 (Groundball, 6, EV 78.8 MPH)
Bottom of the 9th over - 0 runs, 0 hits, 0 errors, 0 left on base; Detroit (APP) 25 - Cleveland (APP) 2
Thursday, March 31st , 2022 - OOTP Baseball 22.12 Build 89